 Dungeon Crawl Stone Soup version 0.31.0-11-ge490571c62 (webtiles) character file.

Game seed: 5342326155533910163

1026 qw the Nimble (level 8, -5/36 (39) HPs)
             Began as a Spriggan Hunter on Feb 3, 2024.
             Slain by a wight
             ... wielding a +4 spear
              (8 damage)
             ... on level 5 of the Dungeon.
             The game lasted 00:01:18 (4115 turns).

qw the Nimble (Spriggan Hunter)                     Turns: 4115, Time: 00:01:19

HP:   -5/36 (39)    AC:  2    Str:  7    XL:     8   Next: 2%
MP:   9/9           EV: 28    Int: 10    God:
Gold: 235           SH:  0    Dex: 21    Spells: 7/7 levels left

rFire   . . .        a - +2 shortbow
rCold   . . .        (shield currently unavailable)
rNeg    . . .        c - +0 robe
rPois   .            (helmet restricted)
rElec   .            (no cloak)
rCorr   .            (gloves unavailable)
SInv    +            (boots unavailable)
Will    +....        e - amulet of the acrobat
Stlth   ++           n - +5 ring of evasion
HPRegen 0.26/turn    b - +4 ring of slaying {mikee}
MPRegen 0.11/turn

%: acrobat
@: about to teleport, drained, very quick
A: very small, no large weapons, unfitting armour, see invisible, speed 3
a: no special abilities


You were on level 5 of the Dungeon.
You visited 1 branch of the dungeon, and saw 5 of its levels.
You also visited: Sewer.

You collected 235 gold pieces.


Innate Abilities, Weirdness & Mutations

You are very small and have problems with some larger weapons.
You are too small for most types of armour.
You have supernaturally acute eyesight. (SInv)
You cover ground extremely quickly. (Speed+++)


   Skills:
 + Level 2.3 Fighting
 - Level 8.0 Ranged Weapons
 - Level 8.1 Dodging
 - Level 1.5 Stealth


You had 7 spell levels left.
You didn't know any spells.
Your spell library was empty.

Inventory:

Hand Weapons
 a - a +2 shortbow (weapon)
Armour
 c - a +0 robe (worn)
Jewellery
 b - a +4 ring of slaying (right hand) {mikee}
 e - an amulet of the acrobat (around neck)
 n - a +5 ring of evasion (left hand)
Wands
 i - a wand of digging (9)
 k - a wand of flame (9)
 o - a wand of iceblast (7)
Potions
 d - 3 potions of curing
 f - 3 potions of might
 h - 4 potions of mutation
 l - a potion of cancellation {unknown}
 m - a potion of magic {unknown}

Dungeon Overview and Level Annotations

Branches:
Dungeon (5/15)              Sewer (visited)
 Temple: D:4-7

Altars:
Dithmenos
Fedhas
Kikubaaqudgha
Qazlal
Sif Muna
Trog
Xom
The Shining One


Message History

You kill the bat!
A bat comes into view.
You shoot an arrow. The arrow barely misses the bat.
A bat comes into view. x2
The bat hits you but does no damage.
A bat comes into view.
The bat moves out of view.
You shoot an arrow. The arrow hits the bat!
You kill the bat!
A bat comes into view.
The bat completely misses you. The bat barely misses you.
You shoot an arrow. The arrow hits the bat!
You kill the bat!
The bat barely misses you. The bat hits you. The bat completely misses you.
The bat barely misses you.
You shoot an arrow. The arrow hits the bat!
You kill the bat!
The bat closely misses you. The bat barely misses you.
You shoot an arrow. The arrow hits the wight.
The wight is moderately damaged.
The bat barely misses you.
The wight hits you from afar with a +5 halberd!
You feel drained.
You shoot an arrow. The arrow hits the bat!
You kill the bat!
The bat closely misses you. The bat hits you. The wight completely misses you.
You shoot an arrow. The arrow hits the bat.
The bat is moderately wounded.
The bat closely misses you. The wight misses you.
The wight completely misses you.
You shoot an arrow. The arrow hits the bat!
You kill the bat!
The wight hits you from afar with a +5 halberd!
You feel drained.
The wight hits you from afar with a +4 spear!
4115 ||| READING scroll of teleportation.
As you read the scroll of teleportation, it crumbles to dust.
You feel strangely unstable.
The wight hits you from afar with a +4 spear!
You die...

.........
.......
#..#.......
.......... #
........# .##
....>zz##..%##
.)#.#.......#
#.#.#@#
#.#.#.#
#..[..##
#<.....#
###.#### ....
##.### ..# ..#


You could see 2 wights.

Vanquished Creatures
  Sigmund (D:2)
  An ogre (D:4)
  2 bullfrogs (Sewer)
  2 wights
  3 orc priests
  2 hounds (D:4)
  3 jellies
  A sleepcap (D:4)
  Robin (D:2)
  5 gnolls
  7 adders
  8 dart slugs (Sewer)
  2 ribbon worms
  12 orcs
  6 endoplasms
  16 giant cockroaches
  16 goblins
  11 hobgoblins
  2 jackals (D:4)
  8 quokkas
  7 ball pythons
  13 bats
  7 frilled lizards
  5 kobolds
  8 rats
149 creatures vanquished.

Notes
Turn   | Place    | Note
-------+----------+-------------------------------------------
     0 | D:1      | qw the Spriggan Hunter began the quest for the Orb.
     0 | D:1      | Reached XP level 1. HP: 10/10 MP: 2/2
     0 | D:1      | 0 ||| qw: Version: 0.3-a-155-g5e7d8dd
     0 | D:1      | 0 ||| qw: Game counter: 3288
     0 | D:1      | 0 ||| qw: Melee chars always use a shield: true
     0 | D:1      | 0 ||| qw: God list: Okawaru
     0 | D:1      | 0 ||| qw: Allow faded altars: false
     0 | D:1      | 0 ||| qw: Do Orc after clearing Dungeon:15 true
     0 | D:1      | 0 ||| qw: Do second Lair branch before Depths: true
     0 | D:1      | 0 ||| qw: Lair rune preference: random
     0 | D:1      | 0 ||| qw: Goals: Normal
     0 | D:1      | 0 ||| PLANNING D:1-11
    19 | D:1      | Reached skill level 3 in Dodging
   106 | D:1      | Reached XP level 2. HP: 14/14 MP: 3/3
   475 | D:1      | Reached XP level 3. HP: 18/18 MP: 4/4
   603 | D:1      | 603 ||| UPGRADING to +4 ring of slaying {mikee}.
   604 | D:1      | 604 ||| READING scroll labelled YNUCHASMASM.
   604 | D:1      | 604 ||| ENCHANTING +0 shortbow.
   605 | D:1      | 605 ||| READING scroll labelled KUAHEO SIUT.
   606 | D:1      | 606 ||| READING scroll labelled TEVUEL QUCZUSK.
   607 | D:1      | 607 ||| READING scroll labelled KAS SYLUBOLO.
   608 | D:1      | 608 ||| READING 2 scrolls labelled GIFFYKLOLO.
   608 | D:1      | 608 ||| IDENTIFYING bubbling sapphire potion
   609 | D:1      | 609 ||| DROPPING scroll of butterflies.
   757 | D:2      | Noticed Sigmund
   761 | D:2      | Killed Sigmund
   762 | D:2      | Reached skill level 6 in Ranged Weapons
   762 | D:2      | Reached XP level 4. HP: 22/22 MP: 5/5
   762 | D:2      | Reached XP level 5. HP: 25/25 MP: 6/6
  1043 | D:2      | Noticed Robin
  1044 | D:2      | 1044 ||| UPGRADING to amulet of the acrobat.
  1052 | D:2      | 1052 ||| READING scroll of identify.
  1052 | D:2      | 1052 ||| IDENTIFYING red potion
  1053 | D:2      | Killed Robin
  1054 | D:2      | Reached XP level 6. HP: 30/30 MP: 7/7
  1092 | D:2      | 1092 ||| READING scroll labelled ZUSKAQ IRGHETT.
  1266 | D:2      | 1266 ||| READING scroll labelled APPIEP KUNAS.
  1266 | D:2      | 1266 ||| ENCHANTING +1 shortbow.
  1386 | D:3      | Found a faded altar of an unknown god.
  1524 | D:3      | Found a blossoming altar of Fedhas.
  1549 | D:3      | Found a shimmering altar of Xom.
  1618 | D:3      | Found a shadowy altar of Dithmenos.
  1942 | D:3      | Found a shimmering blue altar of Sif Muna.
  2275 | D:3      | 2275 ||| READING scroll of identify.
  2275 | D:3      | 2275 ||| IDENTIFYING glowing inky potion
  2276 | D:3      | 2276 ||| READING scroll labelled QAAQIO TU ARUD.
  2407 | D:4      | 2407 ||| PLANNING SEWER
  2411 | D:4      | Reached skill level 6 in Dodging
  2440 | D:4      | Reached XP level 7. HP: 15/35 MP: 8/8
  2640 | D:4      | Found a stormy altar of Qazlal.
  2640 | D:4      | Found a glowing golden altar of the Shining One.
  2649 | D:4      | Found an ancient bone altar of Kikubaaqudgha.
  2651 | D:4      | Found a bloodstained altar of Trog.
  2653 | D:4      | Found a faded altar of an unknown god.
  2750 | D:4      | Found a glowing drain.
  2759 | D:4      | 2759 ||| READING 2 scrolls labelled JIUM SAUCEIT.
  2760 | D:4      | 2760 ||| DROPPING scroll of poison.
  2762 | D:4      | 2762 ||| Stepping ~*~*~tactically~*~*~ (cloud).
  2852 | Sewer    | Entered a sewer
  3081 | Sewer    | 3081 ||| READING scroll of enchant weapon.
  3081 | Sewer    | 3081 ||| ENCHANTING +1 shortbow.
  3272 | Sewer    | 3272 ||| UPGRADING to ring of resist corrosion.
  3273 | Sewer    | 3273 ||| READING scroll labelled UCWA OCYISSUO.
  3355 | D:4      | 3355 ||| PLANNING D:1-11
  3978 | D:4      | 3978 ||| UPGRADING to +5 ring of evasion.
  3980 | D:4      | 3980 ||| UPGRADING to +4 ring of slaying {mikee}.
  3982 | D:4      | 3982 ||| DROPPING ring of resist corrosion.
  4013 | D:5      | Entered Level 5 of the Dungeon
  4020 | D:5      | 4020 ||| STAIRDANCE
  4054 | D:5      | 4054 ||| FLEEEEING.
  4055 | D:5      | 4055 ||| FLEEEEING.
  4057 | D:5      | 4057 ||| STAIRDANCE
  4098 | D:5      | Reached XP level 8. HP: 39/39 MP: 9/9
  4114 | D:5      | HP: 2/35 [wight/+4 spear (9)]
  4115 | D:5      | 4115 ||| READING scroll of teleportation.
  4115 | D:5      | Slain by a wight

Levels and vault maps discovered:
D:1:      dpeg_arrival_radiant, layout_loops_ring
D:2:      layout_loops_ring, nicolae_concentric_dashed_squares_mild,
          uniq_sigmund, uniq_robin
D:3:      cheibrodos_pilgrimage, layout_basic,
          mainiacjoe_overflow_small_starburst, nicolae_dithmenos_the_darkroom,
          mainiacjoe_overflow_concentric_impassable,
          mainiacjoe_overflow_24_doors, ebering_ecumenical_altar_petrified
D:4:      layout_loops_ring, chequers_temple_overflow_minitemple,
          gup_sewer_entry_pipe, serial_library_hellmonk_h_bend,
          dreamdust_mushroom_princess, minmay_misc_feat_alley
D:5:      layout_basic, mainiacjoe_overflow_paths, roderic_batcave

Skill      XL: |  1  2  3  4  5  6  7 |
---------------+----------------------+-----
Dodging        | 3 4 5 6 8 |  8.1
Ranged Weapons | 6 7 8 |  8.0
Fighting       | 2 |  2.3
Stealth        | |  1.5

Action                     |  1- 3 |  4- 6 |  7- 9 || total
---------------------------+-------+-------+-------++-------
   Fire: Shortbow          |    79 |   110 |   131 ||   320
    Use: Scroll            |     5 |     5 |     4 ||    14
 Armour: Robe              |     4 |     5 |    11 ||    20
  Dodge: Dodged            |    13 |    21 |    21 ||    55

Table legend:
 A = Non-vault XP
 B = Vault XP
 C = Vault XP percentage of total XP
 D = Non-vault monster count
 E = Vault monster count
 F = Vault count percentage of total count
                 A         B        C        D         E       F
            +---------+---------+-------+---------+---------+-------
      Total |     843 |     623 |  42.5 |      88 |      61 |  40.9
            +---------+---------+-------+---------+---------+-------
        D:1 |      44 |       0 |   0.0 |      26 |       0 |   0.0
        D:2 |      84 |     268 |  76.1 |      19 |      13 |  40.6
        D:3 |      44 |      47 |  51.6 |      20 |       3 |  13.0
        D:4 |     529 |      16 |   2.9 |      19 |       8 |  29.6
        D:5 |     142 |       6 |   4.1 |       4 |       6 |  60.0
      Sewer |       0 |     286 | 100.0 |       0 |      31 | 100.0
            +---------+---------+-------+---------+---------+-------
